 Dungeon Crawl Stone Soup version 0.17.1-3-g152610e (webtiles) character file.

128 Heskey the Skirmisher (level 5, -4/59 HPs)
             Began as an Ogre Fighter on Mar 23, 2016.
             Killed by nerve-wracking pain
             ... invoked by nublet's ghost
              (14 damage)
             ... on level 3 of the Dungeon.
             The game lasted 00:05:39 (3607 turns).

Heskey the Skirmisher (Ogre Fighter)                Turns: 3607, Time: 00:05:39

Health: -4/59      AC:  3    Str: 22    XL:     5   Next: 11%
Magic:  5/5        EV:  8    Int:  7    God:
Gold:   66         SH:  8    Dex:  9    Spells: 0 memorised, 4 levels left

rFire  . . .     SeeInvis .     l - +1 whip (freeze)
rCold  . . .     Clarity  .     b - +0 robe
rNeg   . . .     SustAt   .     c - +0 shield
rPois  .         Gourm    .     (helmet restricted)
rElec  .         Spirit   .     (no cloak)
rCorr  +         Warding  .     (gloves unavailable)
rMut   .         Stasis   .     (boots unavailable)
MR     .....                    w - amulet of resist corrosion
Stlth  +.........               (no ring)
                                (no ring)

@: not resistant to hostile enchantments, very unstealthy
A: unfitting armour, tough skin 1
a: no special abilities


You were on level 3 of the Dungeon.
You were very hungry.

You visited 1 branch of the dungeon, and saw 3 of its levels.

You collected 66 gold pieces.

Inventory:

Hand Weapons
 l - a +1 whip of freezing (weapon)
Armour
 b - a +0 robe (worn)
 c - a +0 shield (worn)
Jewellery
 w - an amulet of resist corrosion (around neck)
Wands
 s - a wand of slowing (32)
Scrolls
 a - 5 scrolls of identify
 j - 2 scrolls of recharging
 o - a scroll of amnesia
Potions
 p - a potion of lignification
Comestibles
 e - 4 bread rations
 h - a beef jerky
 v - a meat ration


   Skills:
 * Level 5.7 Fighting
 * Level 4.6 Maces & Flails
 + Level 3.3 Dodging
 - Level 2.6 Shields


You had 4 spell levels left.
You didn't know any spells.

Dungeon Overview and Level Annotations

Branches:
Dungeon (3/15)

Altars:
Ashenzari
Dithmenos
Kikubaaqudgha

Annotations:
D:3 nublet's ghost, amateur OgNe


Innate Abilities, Weirdness & Mutations

You are too large for most types of armour.
You have tough skin (AC +1).


Message History

You are too injured to fight recklessly!
You are too injured to fight recklessly!
You hit nublet's ghost but do no damage.
Nublet's ghost is severely damaged.
Nublet's ghost barely misses you.
You hit nublet's ghost. You freeze nublet's ghost.
Nublet's ghost is severely damaged.
Nublet's ghost hits you but does no damage.
You hit nublet's ghost. You freeze nublet's ghost.
Nublet's ghost is severely damaged.
Nublet's ghost hits you!
* * * LOW HITPOINT WARNING * * *
You hit nublet's ghost but do no damage.
Nublet's ghost is severely damaged.
You block nublet's ghost's attack.
You hit nublet's ghost but do no damage.
Nublet's ghost is severely damaged.
Nublet's ghost casts a spell at you. Pain shoots through your body!
You die...

###### #....#
#....#####
#.@W.....#
#.....##.##
#.....##..# #####
#####.###.####...##
###.###....#.#...
#.......W#.#..†..
#...........W.....
##........##....##
#############..##


You could see nublet's ghost.

Vanquished Creatures
  7 adders (D:2)
  A giant gecko (D:2)
  A ball python (D:2)
  13 bats
  5 giant cockroaches
  4 hobgoblins
  3 jackals (D:2)
  5 kobolds
  5 giant newts
  10 goblins
  6 rats
60 creatures vanquished.

Notes
Turn   | Place    | Note
--------------------------------------------------------------
     0 | D:1      | Heskey the Ogre Fighter began the quest for the Orb.
     0 | D:1      | Reached XP level 1. HP: 24/24 MP: 1/1
   202 | D:1      | Reached XP level 2. HP: 30/32 MP: 2/2
   827 | D:1      | Reached XP level 3. HP: 32/40 MP: 3/3
  1014 | D:2      | Found a shattered altar of Ashenzari.
  1017 | D:2      | Found an ancient bone altar of Kikubaaqudgha.
  1120 | D:2      | Reached skill level 5 in Fighting
  1435 | D:2      | Reached XP level 4. HP: 35/50 MP: 4/4
  2062 | D:2      | Reached XP level 5. HP: 39/59 MP: 5/5
  2445 | D:3      | Found a shadowy altar of Dithmenos.
  2466 | D:3      | Noticed nublet's ghost (amateur OgNe)
  2521 | D:3      | Gained mutation: You have a pair of small horns on your head. [potion of beneficial mutation]
  2942 | D:2      | Lost mutation: You have a pair of small horns on your head. [potion of cure mutation]
  3607 | D:3      | Killed from afar by nublet's ghost

Action                   |  1- 3 |  4- 6 || total
-------------------------+-------+-------++-------
Melee: Flail             |    33 |       ||    33
       Whip              |   113 |   183 ||   296
Evoke: Wand              |       |     3 ||     3
  Use: Scroll            |     1 |     5 ||     6
       Potion            |       |     9 ||     9
  Eat: Chunk             |     1 |     4 ||     5
       Pizza             |       |     1 ||     1
       Beef jerky        |       |     1 ||     1
